 Seeded DCSS version 0.30-a0-364-gf6b3ef1049 (webtiles) character file.

Game seed: 13852480795907283700 (custom seed)

82 purpskrrrp the Cudgeller (level 4, -4/42 HPs)
             Began as a Kobold Wanderer on Nov 15, 2022.
             Killed from afar by an orc wizard (8 damage)
             ... with a magic dart
             ... on level 3 of the Dungeon.
             The game lasted 00:04:13 (2496 turns).

purpskrrrp the Cudgeller (Kobold Wanderer)          Turns: 2496, Time: 00:04:13

Health: -4/42      AC: 22    Str: 10    XL:     4   Next: 70%
Magic:  6/6        EV:  3    Int: 11    God:
Gold:   238        SH:  0    Dex: 17    Spells: 6/6 levels left

rFire   . . .      SeeInvis .    a - +3 mace
rCold   . . .      Faith    .    j - +1 buckler {reflect}
rNeg    . . .      Spirit   .    (body armour currently unavailable)
rPois   +          Reflect  +    (helmet currently unavailable)
rElec   .          Harm     .    (cloak currently unavailable)
rCorr   .          Rampage  .    (gloves currently unavailable)
Will    .....      NoTele   +    (boots currently unavailable)
Stlth   ++........               (no amulet)
HPRegen 0.27/turn                (no ring)
MPRegen 0.10/turn                (no ring)

@: confused, tree-form (expiring), studying Fighting, invisible
A: stationary, stasis, torment immunity, boosted hp, small, no large weapons,
nightstalker 3
a: no special abilities


You were on level 3 of the Dungeon.
You were a tree.
You visited 1 branch of the dungeon, and saw 3 of its levels.

You collected 238 gold pieces.

Inventory:

Hand Weapons
 a - a +3 mace (weapon)
Armour
 b - a +0 helmet (melded)
 d - a +0 robe
 j - a +1 buckler of reflection (worn)
 k - a +0 leather armour (melded)
Wands
 m - a wand of flame (13)
 n - a wand of acid (9)
Scrolls
 e - 3 scrolls of teleportation {unknown}
 f - 2 scrolls of identify {unknown}
 g - a scroll of enchant weapon {unknown}
 h - a scroll of butterflies {unknown}
 p - a scroll of noise {unknown}
 q - a scroll of amnesia {unknown}
Potions
 c - 2 potions of attraction
 i - a potion of flight {unknown}
 r - 2 potions of magic {unknown}


   Skills:
 * Level 3.0 Fighting
 - Level 3.6 Maces & Flails
 * Level 2.8 Ranged Weapons
 + Level 1.5 Armour
 + Level 3.5 Stealth
 + Level 1.9 Spellcasting


You had 6 spell levels left.
You didn't know any spells.
Your spell library contained the following spells:

 Spells                   Type           Power      Damage    Failure   Level
 Sandblast                Erth           2%         2d4       43%         1
 Cigotuvi's Dreadful Rot  Necr/Pois/Air  2%         N/A       56%         2
 Passwall                 Tmut/Erth      0%         N/A       56%         2
 Stone Arrow              Conj/Erth      2%         3d7       80%         3
 Cause Fear               Hex            0%         N/A       99%         4
 Dispel Undead            Necr           1%         3d6       99%         4
 Death Channel            Necr           0%         N/A       100%        6
 Dragon Form              Tmut           0%         N/A       100%        7
 Dragon's Call            Summ           0%         N/A       100%        9


Dungeon Overview and Level Annotations

Branches:
Dungeon (3/15)

Altars:

Shops:
D:1 !


Innate Abilities, Weirdness & Mutations

You are a tree.
Your roots penetrate the ground, keeping you stationary.
You cannot be teleported.
You are immune to unholy pain and torment.
Your maximum health is greatly increased.
Your equipment is partially melded.
You are small and have problems with some larger weapons.
You are completely attuned to the shadows.


Message History

You don't know any spells.
You cannot move. (Use ctrl+direction or * direction to attack while stationary and confused.)
You cannot move. (Use ctrl+direction or * direction to attack while stationary and confused.)
You cannot move. (Use ctrl+direction or * direction to attack while stationary and confused.)
You cannot move. (Use ctrl+direction or * direction to attack while stationary and confused.)
You cannot move. (Use ctrl+direction or * direction to attack while stationary and confused.)
You cannot move. (Use ctrl+direction or * direction to attack while stationary and confused.)
You cannot move. (Use ctrl+direction or * direction to attack while stationary and confused.)
You cannot move. (Use ctrl+direction or * direction to attack while stationary and confused.)
You cannot move. (Use ctrl+direction or * direction to attack while stationary and confused.)
You cannot move. (Use ctrl+direction or * direction to attack while stationary and confused.)
You cannot move. (Use ctrl+direction or * direction to attack while stationary and confused.)
You cannot move. (Use ctrl+direction or * direction to attack while stationary and confused.)
You cannot move. (Use ctrl+direction or * direction to attack while stationary and confused.)
You cannot move. (Use ctrl+direction or * direction to attack while stationary and confused.)
You cannot move. (Use ctrl+direction or * direction to attack while stationary and confused.)
You cannot move. (Use ctrl+direction or * direction to attack while stationary and confused.)
You cannot move. (Use ctrl+direction or * direction to attack while stationary and confused.)
You cannot move. (Use ctrl+direction or * direction to attack while stationary and confused.)
You cannot move. (Use ctrl+direction or * direction to attack while stationary and confused.)
You cannot move. (Use ctrl+direction or * direction to attack while stationary and confused.)
You cannot move. (Use ctrl+direction or * direction to attack while stationary and confused.)
You cannot move. (Use ctrl+direction or * direction to attack while stationary and confused.)
You swing at nothing.
Your transformation is almost over.
You hear some strange, mumbled words.
You are more confused.
You attack the rock wall.
You hear some strange, mumbled words.
A puff of flame appears from out of thin air!
The puff of flame hits you!
* * * LOW HITPOINT WARNING * * *
You swing at nothing.
Something hits you but does no damage. x2
The orc hits you but does no damage.
You miss the orc.
The orc is heavily wounded.
You swing at nothing.
A magic dart appears from out of thin air!
The magic dart hits you!
You die...

#............##...
#.#....########...
#.######.........#
#.# #.#######.# ##.#
#.# #÷# ###..# #.#
#.# .....# #.# ###.#
.....# #.# #...#
...o♣######.### #.###
....†.........###.#
....{######.#...#.###
.....# #.###......
.....# #.# #..####
###### #.# #.## #
########## ##.###.#
#........# #......#
####.###.# #..#####


You could see an orc (unable to see you).

Vanquished Creatures
  An adder (D:3)
  2 worms (D:2)
  A dart slug (D:2)
  2 orcs (D:3)
  3 ball pythons (D:2)
  5 endoplasms
  3 giant cockroaches
  6 hobgoblins
  5 jackals
  4 kobolds
  3 quokkas
  7 bats
  2 frilled lizards (D:3)
  7 goblins
  6 rats
57 creatures vanquished.

Notes
Turn   | Place    | Note
-------+----------+-------------------------------------------
     0 | D:1      | purpskrrrp the Kobold Wanderer began the quest for the Orb.
     0 | D:1      | purpskrrrp set off with the following items: a +3 mace, a
                  | +0 helmet, a potion of attraction, a +0 robe.
     0 | D:1      | Reached XP level 1. HP: 12/12 MP: 2/2
   172 | D:1      | Reached XP level 2. HP: 17/17 MP: 3/3
   207 | D:1      | Reached skill level 1 in Ranged Weapons
   629 | D:1      | Found Nuqov's Distillery.
  1233 | D:2      | Reached XP level 3. HP: 15/22 MP: 5/5
  1716 | D:2      | Reached XP level 4. HP: 27/27 MP: 6/6
  2046 | D:3      | Identified a scroll of acquirement
  2046 | D:3      | Acquired a manual of Fighting
  2496 | D:3      | Killed from afar by an orc wizard

Illustrated notes

Levels and vault maps discovered:
D:1:      sevenhm_arrival_forest_fort_large_2, layout_basic, serial_shops,
          shop_statue, minmay_misc_feat_rugged, kennysheep_nondescript,
          st_stairs_12
D:2:      layout_loops_ring
D:3:      layout_rooms

Skill      XL: |  1  2  3  4 |
---------------+-------------+-----
Ranged Weapons | 1 2 |  2.8
Stealth        | 3 |  3.5
Fighting       | 3 |  3.0
Maces & Flails | |  3.6
Armour         | |  1.5
Spellcasting   | |  1.9

Action                   |  1- 3 |  4- 6 || total
-------------------------+-------+-------++-------
Melee: Mace              |    91 |    49 ||   140
  Use: Potion            |       |     3 ||     3
       Scroll            |       |     1 ||     1
 Stab: Sleeping          |    14 |    10 ||    24
       Invisible         |       |     2 ||     2
Armor: Robe              |     4 |       ||     4
       Leather armour    |    11 |    25 ||    36
       Skin              |       |    16 ||    16
Dodge: Dodged            |    55 |    41 ||    96
Block: Buckler           |    24 |    24 ||    48

Table legend: (Time is in decaauts)
 A = Elapsed time spent in this place.
 B = Non-inter-level travel time spent in this place.
 C = Inter-level travel time spent in this place.
 D = Time resting spent in this place.
 E = Time spent auto-exploring this place.
 F = Levels seen in this place.
 G = Mean time per level.
                   A        B        C        D        E       F      G
               +--------+--------+--------+--------+--------+-----+--------+
         Total |   2534 |   2464 |     70 |     35 |   2010 |   3 |  844.7 |
       Dungeon |   2534 |   2464 |     70 |     35 |   2010 |   3 |  844.7 |
               +--------+--------+--------+--------+--------+-----+--------+

Top non-repeatable levels by time:
     D:1: 1202 daAuts
     D:2: 782 daAuts
     D:3: 550 daAuts
